| TOP OF THE 1ST |
|
Nashville Sounds batting - Pitching for Naperville Lazy Fisherman : RHP David Cone
|
|
Pitching: RHP David Cone
|
|
|
Batting: RHB Danny Bautista
|
0-0: Fly out, F4 (Line Drive, 4, EV 70.6 MPH)
|
|
Batting: SHB Felix Martinez
|
0-0: Ball 1-0: Ball 2-0: Foul Ball, location: 2F 2-1: Ball 3-1: Foul Ball, location: 2F 3-2: Foul Ball, location: 2F 3-2: Strikes out swinging
|
|
Batting: LHB Dion James
|
0-0: Foul Ball, location: 2F 0-1: SINGLE (Groundball, 34D, EV 96.9 MPH)
|
|
Batting: RHB Paul Konerko
|
0-0: Called Strike 0-1: Fly out, F7 (Flyball, 7D, EV 96.3 MPH)
|
| Top of the 1st over - 0 runs, 1 hit, 0 errors, 1 left on base; Nashville 0 - Naperville 0 |
| BOTTOM OF THE 1ST |
|
Naperville Lazy Fisherman batting - Pitching for Nashville Sounds : RHP Esteban Loaiza
|
|
Pitching: RHP Esteban Loaiza
|
|
|
Batting: SHB Denny Hocking
|
0-0: Ball 1-0: Fly out, F9 (Flyball, 9D, EV 105.6 MPH)
|
|
Batting: SHB Walt Weiss
|
0-0: Foul Ball, location: 2F 0-1: Ball 1-1: Ground out 5-3 (Groundball, 56S, EV 88.8 MPH)
|
|
Batting: RHB Jeffrey Hammonds
|
0-0: Called Strike 0-1: Ball 1-1: Ball 2-1: Foul Ball, location: 2F 2-2: Fly out, F8 (Flyball, 8RM, EV 88.1 MPH)
|
| Bottom of the 1st over - 0 runs, 0 hits, 0 errors, 0 left on base; Nashville 0 - Naperville 0 |
| TOP OF THE 2ND |
|
Nashville Sounds batting - Pitching for Naperville Lazy Fisherman : RHP David Cone
|
|
Batting: SHB Raul Casanova
|
0-0: Ball 1-0: Called Strike 1-1: Ground out 4-3 (Groundball, 4MS, EV 82.5 MPH)
|
|
Batting: RHB Eli Marrero
|
0-0: Ball 1-0: Called Strike 1-1: Ball 2-1: Called Strike 2-2: Foul Ball, location: 2F 2-2: Ball 3-2: Foul Ball, location: 2F 3-2: Base on Balls
|
|
Batting: LHB Jeff Branson
|
0-0: Called Strike 0-1: Fly out, F8 (Flyball, 89M, EV 91.3 MPH)
|
|
Batting: RHB Adam Riggs
|
0-0: Called Strike 0-1: Ground out 1-3 (Groundball, 13S, EV 63.8 MPH)
|
| Top of the 2nd over - 0 runs, 0 hits, 0 errors, 1 left on base; Nashville 0 - Naperville 0 |
| BOTTOM OF THE 2ND |
|
Naperville Lazy Fisherman batting - Pitching for Nashville Sounds : RHP Esteban Loaiza
|
|
Batting: LHB Matt Luke
|
0-0: Ball 1-0: Ball 2-0: Fly out, F7 (Flyball, 7S, EV 86.3 MPH)
|
|
Batting: RHB David Bell
|
0-0: SINGLE (Line Drive, 56D, EV 99.4 MPH)
|
|
Batting: RHB Craig Worthington
|
0-0: Fly out, F8 (Flyball, 89M, EV 96.3 MPH)
|
|
Batting: RHB Gary Bennett
|
0-0: Ball 1-0: Fly out, F9 (Flyball, 9LMF, EV 107.5 MPH)
|
| Bottom of the 2nd over - 0 runs, 1 hit, 0 errors, 1 left on base; Nashville 0 - Naperville 0 |
| TOP OF THE 3RD |
|
Nashville Sounds batting - Pitching for Naperville Lazy Fisherman : RHP David Cone
|
|
Batting: RHB Donnell Neal
|
0-0: Ball 1-0: Foul Ball, location: 2F 1-1: Ball 2-1: Foul Ball, location: 2F 2-2: Strikes out swinging
|
|
Batting: RHB Danny Bautista
|
0-0: Ball 1-0: SINGLE (Flyball, 89S, EV 82.5 MPH)
|
|
Batting: SHB Felix Martinez
|
0-0: Ball 1-0: Ball 2-0: Called Strike 2-1: Ball 3-1: Fielders Choice at 2nd, 5-4 (Groundball, 56S, EV 85.0 MPH)
|
|
Batting: LHB Dion James
|
0-0: Ball Wild Pitch! Felix Martinez to second 1-0: Called Strike 1-1: Called Strike 1-2: DOUBLE (Groundball, 5L, EV 106.9 MPH) Felix Martinez scores
|
|
Batting: RHB Paul Konerko
|
0-0: Foul Ball, location: 2F 0-1: Called Strike 0-2: Hit by Pitch
|
|
Batting: SHB Raul Casanova
|
0-0: Ball 1-0: Swinging Strike 1-1: Ground out U3 (Groundball, 34, EV 83.1 MPH)
|
| Top of the 3rd over - 1 run, 2 hits, 0 errors, 2 left on base; Nashville 1 - Naperville 0 |
| BOTTOM OF THE 3RD |
|
Naperville Lazy Fisherman batting - Pitching for Nashville Sounds : RHP Esteban Loaiza
|
|
Batting: RHB Kent Anderson
|
0-0: Swinging Strike 0-1: Ball 1-1: Ball 2-1: Ball 3-1: DOUBLE (Line Drive, 7LM, EV 96.9 MPH)
|
|
Batting: LHB Dan Peltier
|
0-0: Ground out 5-3 (Groundball, 5, EV 110.0 MPH)
|
|
Batting: SHB Denny Hocking
|
0-0: Called Strike 0-1: DOUBLE (Line Drive, 78D, EV 108.1 MPH) Kent Anderson scores
|
|
Batting: SHB Walt Weiss
|
0-0: Called Strike 0-1: Foul Ball, location: 2F 0-2: Ball 1-2: Ball 2-2: Foul Ball, location: 2F 2-2: Strikes out looking
|
|
Batting: RHB Jeffrey Hammonds
|
0-0: Called Strike 0-1: Ball Wild Pitch! Denny Hocking to third 1-1: Foul Ball, location: 2F 1-2: Ball 2-2: SINGLE (Line Drive, 4D, EV 93.8 MPH) Denny Hocking scores
|
|
Batting: LHB Matt Luke
|
0-0: Called Strike 0-1: Ball 1-1: Foul Ball, location: 2F 1-2: Foul Ball, location: 2F 1-2: SINGLE (Groundball, 4D, EV 100.6 MPH) Jeffrey Hammonds to second Runner from 2nd tries for 3rd, SAFE, throw by CF made to third
|
|
Batting: RHB David Bell
|
0-0: Ball Wild Pitch! Jeffrey Hammonds scores Matt Luke to second 1-0: Fly out, F6 (Popup, 6MS, EV 72.5 MPH)
|
| Bottom of the 3rd over - 3 runs, 4 hits, 0 errors, 1 left on base; Nashville 1 - Naperville 3 |
| TOP OF THE 4TH |
|
Nashville Sounds batting - Pitching for Naperville Lazy Fisherman : RHP David Cone
|
|
Batting: RHB Eli Marrero
|
0-0: SINGLE (Groundball, 56S, EV 79.4 MPH) (infield hit)
|
|
Batting: LHB Jeff Branson
|
0-0: Ball 1-0: Called Strike 1-1: Ball 2-1: Foul Ball, location: 2F 2-2: Fly out, F8 (Flyball, 8RS, EV 75.6 MPH)
|
|
Batting: RHB Adam Riggs
|
0-0: Fielders Choice at 2nd, 5-4 (Groundball, 5S, EV 80.6 MPH)
|
|
Batting: RHB Donnell Neal
|
0-0: Ball Adam Riggs steals 2nd base 1-0: Ball 2-0: Ball 3-0: Called Strike 3-1: Base on Balls
|
|
Batting: RHB Danny Bautista
|
0-0: Ball 1-0: Ball 2-0: SINGLE (Flyball, 9LS, EV 90.6 MPH) Adam Riggs to third Donnell Neal to second Runner from 3rd tries for Home, SAFE, no throw by RF
|
|
Batting: SHB Felix Martinez
|
0-0: Called Strike 0-1: Called Strike 0-2: Strikes out swinging
|
| Top of the 4th over - 1 run, 2 hits, 0 errors, 2 left on base; Nashville 2 - Naperville 3 |
| BOTTOM OF THE 4TH |
|
Naperville Lazy Fisherman batting - Pitching for Nashville Sounds : RHP Esteban Loaiza
|
|
Batting: RHB Craig Worthington
|
0-0: Ball 1-0: Swinging Strike 1-1: Ball 2-1: Ground out 6-3 (Groundball, 6, EV 104.4 MPH)
|
|
Batting: RHB Gary Bennett
|
0-0: Called Strike 0-1: Ball 1-1: Called Strike 1-2: Ball 2-2: Ball 3-2: SINGLE (Line Drive, 9S, EV 88.8 MPH)
|
|
Batting: RHB Kent Anderson
|
0-0: Foul Ball, location: 2F 0-1: Fly out, F8 (Flyball, 8LD, EV 93.1 MPH)
|
|
Batting: LHB Dan Peltier
|
0-0: Called Strike 0-1: Called Strike 0-2: Ball 1-2: Strikes out swinging
|
| Bottom of the 4th over - 0 runs, 1 hit, 0 errors, 1 left on base; Nashville 2 - Naperville 3 |
| TOP OF THE 5TH |
|
Nashville Sounds batting - Pitching for Naperville Lazy Fisherman : RHP David Cone
|
|
Batting: LHB Dion James
|
0-0: Called Strike 0-1: Ball 1-1: Foul Ball, location: 2F 1-2: Foul Ball, location: 2F 1-2: Ball 2-2: Strikes out swinging
|
|
Batting: RHB Paul Konerko
|
0-0: Called Strike 0-1: Called Strike 0-2: Ball 1-2: Ball 2-2: Ground out 1-3 (Groundball, 15S, EV 72.5 MPH)
|
|
Batting: SHB Raul Casanova
|
0-0: Foul Ball, location: 2F 0-1: Ground out 1-3 (Groundball, 13, EV 87.5 MPH)
|
| Top of the 5th over - 0 runs, 0 hits, 0 errors, 0 left on base; Nashville 2 - Naperville 3 |
| BOTTOM OF THE 5TH |
|
Naperville Lazy Fisherman batting - Pitching for Nashville Sounds : RHP Esteban Loaiza
|
|
Batting: SHB Denny Hocking
|
0-0: Swinging Strike 0-1: Ball 1-1: Ball 2-1: Fly out, F4 (Popup, 4D, EV 73.8 MPH)
|
|
Batting: SHB Walt Weiss
|
0-0: Foul Ball, location: 2F 0-1: Foul Ball, location: 2F 0-2: Ball 1-2: Ball 2-2: Ball 3-2: Ground out 2-3 (Groundball, 2R, EV 70.6 MPH)
|
|
Batting: RHB Jeffrey Hammonds
|
0-0: Foul Ball, location: 2F 0-1: Called Strike 0-2: Foul Ball, location: 2F 0-2: DOUBLE (Line Drive, 78XD, EV 109.4 MPH)
|
|
Batting: LHB Matt Luke
|
0-0: Ball 1-0: Ball 2-0: Called Strike 2-1: Called Strike 2-2: Ground out 5-3 (Groundball, 56, EV 83.1 MPH)
|
| Bottom of the 5th over - 0 runs, 1 hit, 0 errors, 1 left on base; Nashville 2 - Naperville 3 |
| TOP OF THE 6TH |
|
Nashville Sounds batting - Pitching for Naperville Lazy Fisherman : RHP David Cone
|
|
Pitching: RHP Carlos C. Maldonado
|
|
|
Batting: RHB Eli Marrero
|
0-0: Swinging Strike 0-1: Called Strike 0-2: Ball 1-2: Ball 2-2: Strikes out swinging
|
|
Batting: LHB Jeff Branson
|
0-0: Bunted foul 0-1: Ball 1-1: Foul Ball, location: 2F 1-2: Ball 2-2: Ground out 4-3 (Groundball, 4, EV 86.3 MPH)
|
|
Batting: RHB Adam Riggs
|
0-0: Swinging Strike 0-1: Swinging Strike 0-2: Foul Ball, location: 2F 0-2: Ball 1-2: Ball 2-2: Ground out 5-3 (Groundball, 5, EV 78.8 MPH)
|
| Top of the 6th over - 0 runs, 0 hits, 0 errors, 0 left on base; Nashville 2 - Naperville 3 |
| BOTTOM OF THE 6TH |
|
Naperville Lazy Fisherman batting - Pitching for Nashville Sounds : RHP Esteban Loaiza
|
|
Batting: RHB David Bell
|
0-0: Called Strike 0-1: Foul Ball, location: 2F 0-2: Ball 1-2: Ball 2-2: Ground out 5-3 (Groundball, 56S, EV 65.0 MPH)
|
|
Batting: RHB Craig Worthington
|
0-0: Called Strike 0-1: Ball 1-1: Foul Ball, location: 2F 1-2: Ball 2-2: Ball 3-2: Foul Ball, location: 2F 3-2: Fly out, F8 (Flyball, 8RD, EV 98.8 MPH)
|
|
Batting: RHB Gary Bennett
|
0-0: Called Strike 0-1: Ball 1-1: Ball 2-1: Ground out 5-3 (Groundball, 5, EV 86.9 MPH)
|
| Bottom of the 6th over - 0 runs, 0 hits, 0 errors, 0 left on base; Nashville 2 - Naperville 3 |
| TOP OF THE 7TH |
|
Nashville Sounds batting - Pitching for Naperville Lazy Fisherman : RHP Carlos C. Maldonado
|
|
Batting: RHB Donnell Neal
|
0-0: Ball 1-0: Called Strike 1-1: Ball 2-1: Foul Ball, location: 2F 2-2: Foul Ball, location: 2F 2-2: Foul Ball, location: 2F 2-2: Foul Ball, location: 2F 2-2: Ground out 1-3 (Groundball, 34S, EV 70.6 MPH)
|
|
Batting: RHB Danny Bautista
|
0-0: Ball 1-0: Fly out, F9 (Flyball, 89XD, EV 99.4 MPH)
|
|
Batting: SHB Felix Martinez
|
0-0: Called Strike 0-1: Ball 1-1: Called Strike 1-2: Strikes out looking
|
| Top of the 7th over - 0 runs, 0 hits, 0 errors, 0 left on base; Nashville 2 - Naperville 3 |
| BOTTOM OF THE 7TH |
|
Naperville Lazy Fisherman batting - Pitching for Nashville Sounds : RHP Esteban Loaiza
|
|
Batting: RHB Kent Anderson
|
0-0: DOUBLE (Line Drive, 7LM, EV 103.1 MPH)
|
|
Batting: LHB Dan Peltier
|
0-0: Ball 1-0: Ground out 1-3 (Groundball, 13, EV 87.5 MPH) Kent Anderson to third
|
|
Batting: SHB Denny Hocking
|
0-0: Called Strike 0-1: Called Strike 0-2: Strikes out swinging
|
|
Batting: SHB Walt Weiss
|
0-0: Called Strike 0-1: Reached on error, E3 (Groundball, 3L, EV 103.1 MPH) Kent Anderson scores
|
|
Batting: RHB Jeffrey Hammonds
|
0-0: Called Strike 0-1: SINGLE (Groundball, 4MD, EV 96.9 MPH) Walt Weiss to second
|
|
Batting: LHB Matt Luke
|
0-0: Ball 1-0: 3-RUN HOME RUN (Flyball, 89XD, EV 106.3 MPH), Distance : 411 ft
|
|
Pitching: LHP Pat Combs
|
|
|
Batting: RHB David Bell
|
0-0: Ball 1-0: Foul Ball, location: 2F 1-1: Ball 2-1: Ball 3-1: Fly out, F7 (Flyball, 78D, EV 107.5 MPH)
|
| Bottom of the 7th over - 4 runs, 3 hits, 1 error, 0 left on base; Nashville 2 - Naperville 7 |
| TOP OF THE 8TH |
|
Nashville Sounds batting - Pitching for Naperville Lazy Fisherman : RHP Carlos C. Maldonado
|
|
Batting: LHB Dion James
|
0-0: Fly out, F9 (Flyball, 89S, EV 86.9 MPH)
|
|
Batting: RHB Paul Konerko
|
0-0: Foul Ball, location: 2F 0-1: Ball 1-1: Foul Ball, location: 2F 1-2: Ball 2-2: Foul Ball, location: 2F 2-2: Foul Ball, location: 2F 2-2: Fly out, F9 (Flyball, 9LMF, EV 78.8 MPH)
|
|
Batting: SHB Raul Casanova
|
0-0: Foul Ball, location: 2F 0-1: Ball 1-1: Ground out 4-3 (Groundball, 34, EV 88.1 MPH)
|
| Top of the 8th over - 0 runs, 0 hits, 0 errors, 0 left on base; Nashville 2 - Naperville 7 |
| BOTTOM OF THE 8TH |
|
Naperville Lazy Fisherman batting - Pitching for Nashville Sounds : LHP Pat Combs
|
|
Batting: RHB Craig Worthington
|
0-0: Ball 1-0: Called Strike 1-1: Ground out 4-3 (Groundball, 4, EV 90.0 MPH)
|
|
Batting: RHB Gary Bennett
|
0-0: Ball 1-0: DOUBLE (Flyball, 7D, EV 99.4 MPH)
|
|
Batting: RHB Kent Anderson
|
0-0: Called Strike 0-1: Fly out, F8 (Flyball, 89D, EV 101.9 MPH)
|
|
Batting: LHB Dan Peltier
|
0-0: Ball 1-0: Foul Ball, location: 2F 1-1: Ball 2-1: Ground out U3 (Groundball, 3, EV 82.5 MPH)
|
| Bottom of the 8th over - 0 runs, 1 hit, 0 errors, 1 left on base; Nashville 2 - Naperville 7 |
| TOP OF THE 9TH |
|
Nashville Sounds batting - Pitching for Naperville Lazy Fisherman : RHP Carlos C. Maldonado
|
|
Batting: RHB Eli Marrero
|
0-0: Called Strike 0-1: Swinging Strike 0-2: Ball 1-2: Strikes out looking
|
|
Batting: LHB Jeff Branson
|
0-0: Called Strike 0-1: Foul Ball, location: 2F 0-2: Ball 1-2: SINGLE (Line Drive, 8LS, EV 98.1 MPH)
|
|
Pitching: RHP Shigetoshi Hasegawa
|
|
|
Batting: RHB Adam Riggs
|
0-0: Fly out, F7 (Flyball, 7LMF, EV 83.1 MPH)
|
|
Batting: RHB Donnell Neal
|
0-0: Ball 1-0: Ground out 5-3 (Groundball, 56S, EV 70.0 MPH)
|
| Top of the 9th over - 0 runs, 1 hit, 0 errors, 1 left on base; Nashville 2 - Naperville 7 |
|